 Dungeon Crawl Stone Soup version 0.29-a0-648-g6b26cc9f40 (webtiles) character file.

Game seed: 17392313302985287472

1379 Rocko1345 the Covered (level 8, -1/63 HPs)
             Began as a Formicid Fighter on June 21, 2022.
             Slain by an ice beast (12 damage)
             ... on level 6 of the Dungeon.
             The game lasted 00:17:21 (8364 turns).

Rocko1345 the Covered (Formicid Fighter)            Turns: 8364, Time: 00:17:21

Health: -1/63      AC:  7    Str: 24    XL:     8   Next: 99%
Magic:  8/8        EV: 10    Int: 13    God:
Gold:   372        SH:  6    Dex: 19    Spells: 7/7 levels left

rFire   . . .      SeeInvis +   o - +0 trident (freeze)
rCold   . . .      Faith    .   c - +0 buckler
rNeg    . . .      Spirit   .   b - +0 scale mail
rPois   .          Reflect  .   (helmet unavailable)
rElec   .          Harm     .   (no cloak)
rCorr   .          Rampage  .   (no gloves)
Will    .....                   (no boots)
Stlth   +.........              (no amulet)
HPRegen 0.20/turn               n - +6 ring of intelligence
MPRegen 0.11/turn               y - +6 ring of dexterity

@: no status effects
A: permanent stasis, dig shafts and tunnels, antennae 3, four strong arms
a: Dig, Shaft Self


You were on level 6 of the Dungeon.
You visited 1 branch of the dungeon, and saw 6 of its levels.

You collected 372 gold pieces.

Inventory:

Hand Weapons
 a - a +0 long sword
 k - a +1 whip of pain
 l - a +0 dagger of venom
 o - a +0 trident of freezing (weapon)
 x - the +9 staff of Wucad Mu {*channel}
   (You found it on level 5 of the Dungeon)

   It occasionally powers its wielder's spells, but with a chance of causing
   confusion or draining the wielder's intelligence.
   It becomes more likely to activate and less likely to backfire with increased
   Evocations skill.
Missiles
 u - 3 javelins (quivered)
Armour
 b - a +0 scale mail (worn)
 c - a +0 buckler (worn)
Jewellery
 n - a +6 ring of intelligence (left hand)
 y - a +6 ring of dexterity (right hand)
Wands
 r - a wand of flame (10)
 w - a wand of iceblast (9)
Scrolls
 d - a scroll of silence {unknown}
 e - a scroll of vulnerability {unknown}
 f - 3 scrolls of enchant armour {unknown}
 g - 5 scrolls of teleportation
 i - a scroll of enchant weapon {unknown}
 j - a scroll of noise {unknown}
 m - 6 scrolls of identify {unknown}
 p - 2 scrolls of amnesia {unknown}
 q - a scroll of blinking {unknown}
 s - 2 scrolls of fear {unknown}
Potions
 h - a potion of brilliance {unknown}
 t - a potion of heal wounds
 v - a potion of cancellation {unknown}


   Skills:
 * Level 5.4 Fighting
 * Level 4.2 Long Blades
 + Level 4.2 Polearms
 * Level 3.6 Throwing
 * Level 6.4 Armour
 + Level 1.8 Dodging
 + Level 1.1 Stealth
 + Level 5.4 Shields


You had 7 spell levels left.
You didn't know any spells.
Your spell library contained the following spells:

 Spells                   Type           Power      Damage    Failure   Level
 Apportation              Tloc           0%         N/A       63%         1
 Necrotize                Necr           0%         1d4       63%         1
 Summon Small Mammal      Summ           0%         N/A       63%         1
 Ozocubu's Armour         Ice            0%         N/A       94%         3
 Hailstorm                Conj/Ice       0%         3d3       100%        4
 Ice Form                 Ice/Tmut       0%         N/A       100%        4
 Simulacrum               Ice/Necr       0%         N/A       100%        6
 Ozocubu's Refrigeration  Ice            0%         4d5       100%        7


Dungeon Overview and Level Annotations

Branches:
Dungeon (6/15)             Temple (0/1) D:5

Altars:

Shops:
D:2 !

Annotations:
D:6 Maggie


Innate Abilities, Weirdness & Mutations

You cannot be hasted, slowed, berserked, paralysed or teleported.
You can dig through walls and to a lower floor.
You have a pair of large antennae on your head. (SInv)
Your four strong arms can wield two-handed weapons with a shield.


Message History

Maggie is lightly wounded.
Maggie gestures at you while chanting. The bolt of fire hits you!
Reach: o) +0 trident (freeze)
Press: ? - help, Dir - move target, f/p - Maggie
Aim: Maggie, wielding a +1 vorpal halberd and wearing +0 acid dragon scales (lightly wounded, mesmerising, about 36% to evade your +0 trident of freezing)
You reach to attack!
You hit Maggie. You freeze Maggie.
Maggie is moderately wounded.
Maggie gestures at you while chanting. The bolt of fire misses you.
The ice beast closely misses you.
Reach: o) +0 trident (freeze)
Press: ? - help, Dir - move target, f/p - Maggie
Aim: Maggie, wielding a +1 vorpal halberd and wearing +0 acid dragon scales (moderately wounded, mesmerising, about 36% to evade your +0 trident of freezing)
The ice beast is in the way.
You closely miss the ice beast. Maggie barely misses you.
The ice beast hits you. The ice beast freezes you!
You cannot move away from Maggie!
You cannot move away from Maggie!
You hit the ice beast.
The ice beast is lightly wounded.
An iguana comes into view.
Maggie hits you from afar with a +1 vorpal halberd.
You block the ice beast's attack.
You barely miss the ice beast.
The ice beast is lightly wounded.
The iguana hisses angrily.
Maggie barely misses you.
The ice beast hits you but does no damage.
You hit the ice beast.
The ice beast is moderately wounded.
Maggie gestures at you while chanting. The bolt of fire misses you.
The ice beast hits you. The ice beast freezes you.
You hit the ice beast but do no damage.
The ice beast is moderately wounded.
You break out of your daze.
Maggie hits you from afar with a +1 vorpal halberd.
* * * LOW HITPOINT WARNING * * *
x2 The ice beast hits you.
* * * LOW HITPOINT WARNING * * *
The ice beast freezes you!
You die...

###### ......
.......#####
...........#
...........#
...........+ { #
.......@..# ..#
###.....Y@##.....
#.....l.'...Y..
#.......###....
####'##.#####+#
#.##......>#
#.########## #.#
#.#


You could see Maggie, an ice beast and an iguana.

Vanquished Creatures
  Grinder (D:4)
  Sigmund (D:5)
  A water moccasin (D:5)
  Duvessa (D:4)
  A black bear (D:5)
  A centaur (D:5)
  2 phantoms (D:5)
  Blork the orc (D:4)
  A scorpion (D:5)
  Dowan (D:4)
  A hound (D:5)
  An orc priest (D:5)
  3 iguanas
  Natasha (thrice) (D:4)
  An orc wizard (D:5)
  4 adders
  2 worms (D:2)
  A dart slug (D:5)
  12 orcs
  5 endoplasms
  4 giant cockroaches
  5 hobgoblins
  2 quokkas (D:2)
  9 ball pythons
  3 bats
  7 goblins
  8 kobolds
  3 rats
85 creatures vanquished.

Vanquished Creatures (others)
  A plant (D:3)
1 creature vanquished.

Grand Total: 86 creatures vanquished

Notes
Turn   | Place    | Note
-------+----------+-------------------------------------------
     0 | D:1      | Rocko1345 the Formicid Fighter began the quest for the Orb.
     0 | D:1      | Reached XP level 1. HP: 18/18 MP: 1/1
   224 | D:1      | Reached XP level 2. HP: 21/24 MP: 2/2
   709 | D:2      | Reached XP level 3. HP: 16/29 MP: 3/3
  1023 | D:2      | Found Mienkyf's Distillery.
  1529 | D:3      | Reached XP level 4. HP: 37/37 MP: 4/4
  4659 | D:4      | Noticed Grinder
  4675 | D:4      | Killed Grinder
  4676 | D:4      | Reached skill level 1 in Polearms
  4676 | D:4      | Reached skill level 1 in Throwing
  4676 | D:4      | Reached skill level 4 in Armour
  4676 | D:4      | Reached skill level 5 in Shields
  4676 | D:4      | Reached XP level 5. HP: 5/42 MP: 5/5
  4676 | D:4      | Reached XP level 6. HP: 5/48 MP: 6/6
  5228 | D:4      | Noticed Natasha
  5234 | D:4      | Killed Natasha
  5271 | D:4      | Noticed Natasha
  5285 | D:4      | Killed Natasha
  5357 | D:4      | Noticed Natasha
  5369 | D:4      | Killed Natasha
  5370 | D:4      | Reached skill level 5 in Armour
  5370 | D:4      | Reached XP level 7. HP: 41/54 MP: 7/7
  5756 | D:4      | Noticed Blork the orc
  5764 | D:4      | Killed Blork the orc
  5942 | D:4      | Noticed Duvessa
  5942 | D:4      | Noticed Dowan
  5964 | D:4      | Killed Duvessa
  5965 | D:4      | Reached skill level 1 in Dodging
  5965 | D:4      | Reached skill level 1 in Stealth
  6566 | D:4      | HP: 2/55 [Dowan/shard of ice (14)]
  6569 | D:4      | Killed Dowan
  6730 | D:5      | Entered Level 5 of the Dungeon
  6880 | D:5      | Reached XP level 8. HP: 36/61 MP: 8/8
  7494 | D:5      | Noticed Sigmund
  7500 | D:5      | Killed Sigmund
  7501 | D:5      | Reached skill level 5 in Fighting
  7501 | D:5      | Reached skill level 6 in Armour
  7701 | D:5      | Found the +9 staff of Wucad Mu {*channel}
  8140 | D:5      | Found a staircase to the Ecumenical Temple.
  8351 | D:6      | Noticed Maggie
  8364 | D:6      | Slain by an ice beast

Illustrated notes

Levels and vault maps discovered:
D:1:      scummos_arrival_gate, layout_rooms, amcnicky_mini_corridor_feature
D:2:      layout_rooms, serial_shops, shop
D:3:      layout_loops_ring, nrook_loot_triangle, serial_bayou_lake_a
D:4:      layout_loops_corners, serial_glass, glass_columns_a, glass_columns_a,
          st_stairs_14, kennysheep_generic_room_12, uniq_duvessa,
          uniq_blork_the_orc, uniq_natasha, uniq_grinder
D:5:      layout_loops_corners, minmay_temple_entry_overgrown,
          grunt_ministairs_9, uniq_sigmund
D:6:      layout_basic, st_stairs_8, kennysheep_boxes, uniq_maggie

Skill      XL: |  1  2  3  4  5  6  7  8 |
---------------+-------------------------+-----
Fighting       | 4 5 |  5.4
Long Blades    | 3 4 |  4.2
Polearms       | 1 2 3 4 |  4.2
Throwing       | 1 2 3 |  3.6
Armour         | 4 5 6 |  6.4
Shields        | 5 |  5.4
Dodging        | 1 |  1.8
Stealth        | 1 |  1.1

Action                   |  1- 3 |  4- 6 |  7- 9 || total
-------------------------+-------+-------+-------++-------
Melee: Long sword        |    85 |       |       ||    85
       Trident           |     5 |    79 |   174 ||   258
Throw: Javelin           |    12 |       |    15 ||    27
 Abil: Dig               |       |     2 |       ||     2
  Use: Scroll            |     1 |       |       ||     1
       Potion            |       |     5 |     2 ||     7
Armor: Scale mail        |    49 |    49 |    69 ||   167
Dodge: Dodged            |    65 |    55 |    69 ||   189
Block: Buckler           |    29 |    27 |    37 ||    93

Table legend: (Time is in decaauts)
 A = Elapsed time spent in this place.
 B = Non-inter-level travel time spent in this place.
 C = Inter-level travel time spent in this place.
 D = Time resting spent in this place.
 E = Time spent auto-exploring this place.
 F = Levels seen in this place.
 G = Mean time per level.
                   A        B        C        D        E       F      G
               +--------+--------+--------+--------+--------+-----+--------+
         Total |   8483 |   8358 |    125 |   3415 |   3745 |   6 | 1413.8 |
       Dungeon |   8483 |   8358 |    125 |   3415 |   3745 |   6 | 1413.8 |
               +--------+--------+--------+--------+--------+-----+--------+

Top non-repeatable levels by time:
     D:3: 3316 daAuts
     D:4: 2110 daAuts
     D:5: 1588 daAuts
     D:2: 881 daAuts
     D:1: 524 daAuts
     D:6: 61 daAuts
